 Dungeon Crawl Stone Soup version 0.24.0-13-gcf9b319 (webtiles) character file.

Game seed: 8137126570545373114, levelgen mode: deterministic

13000 Fang the Fighter (level 12, -1/79 HPs)
             Began as a Gargoyle Berserker on Dec 16, 2019.
             Was a High Priest of Trog.
             Killed from afar by a gargoyle (3 damage)
             ... with a stone arrow
             ... on level 11 of the Dungeon.
             The game lasted 00:16:16 (10544 turns).

Fang the Fighter (Gargoyle Berserker)              Turns: 10544, Time: 00:16:16

Health: -1/79      AC: 27    Str: 27    XL:     12   Next: 1%
Magic:  12/12      EV: 13    Int:  7    God:    Trog [*****.]
Gold:   670        SH:  4    Dex:  9    Spells: 11/11 levels left

rFire    . . .     SeeInvis .   a - +1 war axe
rCold    . . .     Gourm    .   B - +0 buckler
rNeg     + . .     Faith    .   b - +4 plate armour
rPois    ∞         Spirit   .   (no helmet)
rElec    +         Reflect  .   (no cloak)
rCorr    .         Harm     .   (no gloves)
MR       .....                  (no boots)
Stlth    ..........             (no amulet)
HPRegen  0.23/turn              e - +2 ring of evasion
MPRegen  0.13/turn              d - +4 ring of slaying

@: berserk cooldown, starving, slowed, very slow
A: negative energy resistance 1, electricity resistance, unbreathing,
petrification resistance, rot immunity, AC +8
a: Berserk, Trog's Hand, Brothers in Arms, Renounce Religion


You were on level 11 of the Dungeon.
You worshipped Trog.
Trog was extremely pleased with you.
You were starving.

You visited 2 branches of the dungeon, and saw 12 of its levels.
You also visited: Sewer.

You collected 670 gold pieces.

Inventory:

Hand Weapons
 a - a +1 war axe (weapon)
Armour
 b - a +4 plate armour (worn)
 B - a +0 buckler (worn)
Jewellery
 d - a +4 ring of slaying (right hand)
 e - a +2 ring of evasion (left hand)
Wands
 k - a wand of random effects (19)
 n - a wand of polymorph (18)
 r - a wand of acid (9)
 w - a wand of digging (3)
 y - a wand of disintegration (16)
Scrolls
 h - 3 scrolls of identify
 i - a scroll of remove curse
 j - 6 scrolls of teleportation
 u - a scroll of blinking
Potions
 f - 2 potions of haste
 g - 7 potions of curing
 p - a potion of invisibility
 s - 3 potions of flight
 t - a potion of ambrosia
 v - 3 potions of might
 z - a potion of resistance
 A - a potion of berserk rage
 C - a potion of heal wounds
Comestibles
 c - 19 rations


   Skills:
 + Level 10.6 Fighting
 + Level 9.0 Axes
 + Level 10.3 Armour
 + Level 8.0 Dodging
 + Level 4.6 Shields


You had 11 spell levels left.
You didn't know any spells.
Your spell library was empty.

Dungeon Overview and Level Annotations

Branches:
Dungeon (11/15)            Temple (1/1) D:4           Sewer (visited)
   Lair: D:8-11         Orc: D:9-12

Altars:
Ashenzari
Gozag
Kikubaaqudgha
Nemelex Xobeh
Sif Muna
Uskayaw
Xom
Yredelemnul
Zin
The Shining One

Shops:
D:5 :!=   D:9 ?

Annotations:
D:10 3 runed translucent doors
D:11 Maurice


Innate Abilities, Weirdness & Mutations

You are resistant to torment.
Your stone body is resilient. (AC +8)
You are immune to poison.
You resist negative energy. (rN+)
You are resistant to electric shocks. (rElec)
You can survive without breathing.
You are immune to petrification.
You are immune to rotting.


Message History

You feel a strong urge to attack something.
The orc closely misses you.
You hear some strange, mumbled words.
The cyclops hits you!
* * * LOW HITPOINT WARNING * * *
You feel yourself speed up.
You block the howler monkey zombie's attack.
The orc warrior hits you but does no damage.
The orc barely misses you. The two-headed ogre misses you.
The two-headed ogre closely misses you.
You feel your anger nearly subside.
You are no longer berserk.
You are exhausted.
You feel yourself slow down.
The howler monkey zombie hits you but does no damage.
The orc warrior closely misses you.
The crimson imp grinds its teeth.
The crimson imp blinks!
The gargoyle hurls a stone arrow at you.
The stone arrow hits you.
You die...

##.#........#
#...........#
.......(÷...#
.#.....[<...#
##....)....# .
#......(>.#
..###......####
.......9....##
......Z@.....##
.....>.loo....##
......CO†§)....##
........†()5....#####
.............##....[#
.............######.#
......#####...# #.#
...... #§§.# #.#
...... #☼○☼# #.#


You could see a two-headed ogre, a cyclops, an orc warrior, a gargoyle, an
iguana, a crimson imp, an orc and a howler monkey zombie.

Vanquished Creatures
  Snorg (D:11)
  Harold (D:9)
  A two-headed ogre (D:10)
  3 hornets
  Prince Ribbit (D:8)
  A hippogriff (D:8)
  2 wraiths
  11 yaks (D:10)
  2 basilisks (D:11)
  A wyvern (D:10)
  A hungry ghost (D:5)
  A soldier ant (D:8)
  2 porcupines (D:11)
  A hornet zombie (D:10)
  6 ice beasts
  5 sky beasts
  3 black bears
  3 phantoms
  4 orc warriors
  2 necrophages (D:7)
  3 wolves (D:11)
  3 centaurs
  2 big kobolds (D:10)
  2 crocodiles
  A wyvern zombie (D:9)
  7 bullfrogs
  An elf skeleton (D:7)
  An elf zombie (D:7)
  A troll zombie (D:7)
  5 scorpions
  17 killer bees
  6 wights
  A howler monkey (D:10)
  2 crimson imps
  3 centaur zombies
  2 bullfrog zombies (D:5)
  2 human zombies (D:7)
  6 hounds
  2 jellies
  7 orc priests
  8 orc wizards
  4 bullfrog skeletons
  6 iguanas
  Ijyb (D:3)
  Terence (D:3)
  A human skeleton (D:7)
  12 worker ants
  3 hound zombies (D:5)
  2 hound skeletons (D:5)
  2 worker ant zombies
  A mummy (D:7)
  9 adders
  3 shadow imps
  5 adder skeletons
  3 adder zombies (D:5)
  5 worms
  3 dart slugs
  7 leopard geckos
  35 orcs
  6 giant cockroaches
  21 goblins
  7 hobgoblins
  8 jackals
  4 quokkas
  2 ball pythons
  A ball python skeleton (D:5)
  11 bats
  6 frilled lizards
  2 giant cockroach zombies (D:5)
  A jackal skeleton (D:8)
  20 kobolds
  3 quokka zombies
  9 rats
  6 plants
344 creatures vanquished.

Vanquished Creatures (others)
  A hound (D:11)
  5 plants (D:11)
6 creatures vanquished.

Grand Total: 350 creatures vanquished

Notes
Turn   | Place    | Note
-------+----------+-------------------------------------------
     0 | D:1      | Fang the Gargoyle Berserker began the quest for the Orb.
     0 | D:1      | Reached XP level 1. HP: 14/14 MP: 1/1
    19 | D:1      | Reached XP level 2. HP: 19/19 MP: 2/2
   227 | D:1      | Reached XP level 3. HP: 20/23 MP: 3/3
   323 | D:1      | Reached ** piety under Trog
   564 | D:2      | You fall into a shaft and drop 2 floors!
   564 | D:4      | Found a hide-covered altar of Uskayaw.
   565 | D:4      | Noticed a +0 dagger
   565 | D:4      | Noticed a +0 dagger
   567 | D:4      | Reached XP level 4. HP: 29/29 MP: 4/4
   574 | D:4      | Noticed a phantom
   575 | D:4      | Reached XP level 5. HP: 26/33 MP: 5/5
   671 | D:4      | Killed a phantom
   908 | D:4      | Reached XP level 6. HP: 34/39 MP: 6/6
  1133 | D:4      | Found a shimmering altar of Xom.
  1196 | D:4      | Found a glowing golden altar of the Shining One.
  1259 | D:4      | Found a shattered altar of Ashenzari.
  1518 | D:4      | Found a staircase to the Ecumenical Temple.
  1542 | Temple   | Entered the Ecumenical Temple
  1602 | D:4      | Found a shimmering altar of Xom.
  1740 | D:3      | Reached skill level 5 in Fighting
  1797 | D:3      | Reached XP level 7. HP: 37/44 MP: 7/7
  1966 | D:3      | Found a sparkling altar of Nemelex Xobeh.
  2015 | D:3      | Found a glowing drain.
  2045 | D:3      | Reached *** piety under Trog
  2061 | Sewer    | Entered a sewer
  2453 | D:3      | Noticed Ijyb
  2462 | D:3      | Killed Ijyb
  2538 | D:3      | Noticed Terence
  2572 | D:3      | Killed Terence
  2823 | D:3      | Found a shimmering blue altar of Sif Muna.
  4169 | D:5      | Entered Level 5 of the Dungeon
  4458 | D:5      | Reached skill level 5 in Armour
  4593 | D:5      | Reached XP level 8. HP: 50/51 MP: 8/8
  4810 | D:5      | Paralysed by fainting for 5 turns
  4856 | D:5      | Paralysed by fainting for 8 turns
  4873 | D:5      | Reached skill level 5 in Axes
  4944 | D:5      | Reached **** piety under Trog
  4966 | D:5      | Found Kyxaq's Jewellery Shop.
  5080 | D:5      | Found Hac Xaa's Distillery.
  5194 | D:5      | Found Tidust's Book Shop.
  5953 | D:6      | Reached XP level 9. HP: 55/56 MP: 9/9
  6135 | D:7      | Found an opulent altar of Gozag.
  6159 | D:7      | Reached skill level 5 in Dodging
  6346 | D:7      | HP: 1/57 [orc warrior/cursed +0 hand axe (7)]
  6354 | D:7      | HP: 1/57 [ice beast (13)]
  6888 | D:7      | Reached ***** piety under Trog
  7274 | D:7      | Reached XP level 10. HP: 58/64 MP: 10/10
  7490 | D:7      | Found a basalt altar of Yredelemnul.
  7796 | D:8      | Found a glowing silver altar of Zin.
  7963 | D:8      | Found an ancient bone altar of Kikubaaqudgha.
  8081 | D:8      | Noticed Prince Ribbit
  8088 | D:8      | Killed Prince Ribbit
  8697 | D:9      | Noticed Harold
  8698 | D:9      | Found Xidu's Magic Scroll Emporium.
  8714 | D:9      | Killed Harold
  8969 | D:9      | Reached XP level 11. HP: 71/71 MP: 11/11
  9070 | D:9      | Reached skill level 1 in Shields
  9498 | D:10     | Entered Level 10 of the Dungeon
  9539 | D:10     | Received a gift from Trog
  9649 | D:10     | Noticed a two-headed ogre
  9660 | D:10     | Killed a two-headed ogre
  9660 | D:10     | Reached skill level 10 in Fighting
  9975 | D:10     | Found a runed translucent door.
  9975 | D:10     | Found a runed translucent door.
  9975 | D:10     | Noticed a stone giant
  9975 | D:10     | Noticed a two-headed ogre
  9975 | D:10     | Noticed a deep troll
  9975 | D:10     | Noticed a purple ugly thing
  9976 | D:10     | Noticed a six-headed hydra
  9976 | D:10     | Found a runed translucent door.
  9976 | D:10     | Noticed a manticore
  9976 | D:10     | Noticed a two-headed ogre
 10133 | D:11     | Noticed Snorg
 10150 | D:11     | Killed Snorg
 10150 | D:11     | Reached skill level 10 in Armour
 10521 | D:11     | Noticed Maurice
 10531 | D:11     | Noticed a cyclops
 10533 | D:11     | Noticed a two-headed ogre
 10536 | D:11     | Reached XP level 12. HP: 33/78 MP: 12/12
 10542 | D:11     | HP: 3/118 [cyclops (13)]
 10544 | D:11     | Killed from afar by a gargoyle

Levels and vault maps discovered:
D:1:      dpeg_arrival_lava_altar, layout_rooms, serial_forest,
          infiniplex_forest_clump_C, infiniplex_forest_lined_3_way,
          infiniplex_forest_clump_double, infiniplex_forest_lined_3_way,
          infiniplex_forest_clump_long, minmay_tromino_v7
D:2:      minmay_wonky_spiral, layout_basic, serial_forest,
          infiniplex_forest_join, infiniplex_forest_lined_2,
          infiniplex_forest_clump_large, infiniplex_forest_clump_curved,
          infiniplex_forest_end_1, infiniplex_forest_join,
          infiniplex_forest_end_1, infiniplex_forest_lined_room_,
          infiniplex_forest_diagonal, first_ration
D:3:      kennysheep_the_goblin_king, layout_basic, lemuel_blue_sif_altar,
          nemelex_altar_shiori, cheibrodos_sewer_entry_bend,
          kennysheep_generic_room_14, uniq_terence
D:4:      layout_rooms, xom_redecorated, dancing_weapons_uskayaw,
          cheibrodos_ashenzari_chains, minmay_temple_entry_statues_pillars,
          tso_metal_star
D:5:      minmay_diamond_boxcup, layout_loops_corners, serial_shops,
          nicolae_shop_statue_plus, shop, nicolae_shop_trees, serial_undead,
          serial_undead_f, serial_undead_d, serial_undead_c, serial_undead_d,
          serial_undead_b, serial_undead_c, serial_undead_a, serial_undead_b,
          wad_woods_river_04
D:6:      layout_basic, nicolae_overflow_hidden_temple
D:7:      layout_layer_cave, grunt_gozag_statues,
          lemuel_mausoleum_altar_yredelemnul, minmay_joined_circles
D:8:      layout_loops_ring, old_standard_altar, basic_altar,
          hangedman_pestilent_swarm, uniq_prince_ribbit1
D:9:      layout_loops_ring, serial_shops, nicolae_shop_trees, st_stairs_11,
          uniq_harold
D:10:     minmay_the_grid_triangle_9x9_rhombus_full
          [minmay_the_grid_triangle_9x9_minimal,
          minmay_the_grid_triangle_9x9_descending_squares,
          minmay_the_grid_triangle_9x9_fully_insulated_deathbox,
          minmay_the_grid_triangle_9x9_corruption,
          minmay_the_grid_triangle_9x9_wacky_v,
          minmay_the_grid_triangle_9x9_zippers_horizontal,
          minmay_the_grid_triangle_9x9_sparse_checkered,
          minmay_the_grid_triangle_9x9_prize_top_heavy], layout_cross,
          serial_column_ruins, column_ruins_corridor_corner,
          column_ruins_open_medium, column_ruins_columns_corner,
          column_ruins_open_medium
D:11:     cheibrodos_frozen_isle, layout_rooms, minmay_lair_entry_grove,
          orc_0_dummy, grunt_decor_fettered, grunt_ministairs_13,
          lemuel_flame_loot_1, uniq_snorg, uniq_maurice
Temple:   minmay_temple_forest_path

Skill      XL: |  1  2  3  4  5  6  7  8  9 10 11 |
---------------+----------------------------------+-----
Axes           | 3 4 5 6 8 9 |  9.0
Dodging        | 2 3 4 5 7 8 |  8.0
Armour         | 3 4 5 6 7 9 10 | 10.3
Fighting       | 4 5 6 8 9 10 | 10.6
Shields        | 4 |  4.6

Action                   |  1- 3 |  4- 6 |  7- 9 | 10-12 || total
-------------------------+-------+-------+-------+-------++-------
Melee: Hand axe          |    84 |   195 |   925 |       ||  1204
       War axe           |       |       |    42 |   413 ||   455
Invok: Berserk           |     1 |     1 |     6 |     5 ||    13
       Trog's Hand       |       |     4 |     3 |       ||     7
  Use: Scroll            |       |       |       |    26 ||    26
 Stab: Sleeping          |     1 |       |       |       ||     1
  Eat: Chunk             |       |     7 |    20 |    14 ||    41
       Ration            |       |       |     5 |       ||     5
Armor: Animal skin       |    33 |    36 |       |       ||    69
       Chain mail        |       |    74 |   130 |       ||   204
       Plate armour      |       |       |   467 |   352 ||   819
Dodge: Dodged            |    67 |   134 |   497 |   344 ||  1042
Block: Buckler           |       |       |       |    60 ||    60
